[Event "Titled Tuesday Blitz March 15 Late 2022"]
[White "Rozman, Levy"]
[Black "Oparin, Grigoriy"]
[WhiteFideId "2039877"]
[BlackFideId "24125890"]
[WhiteElo "2376"]
[BlackElo "2665"]
[Result "1/2-1/2"]
[Round "03"]
[TimeControl "180+1"]
[Date "2022.03.15"]
[WhiteClock "0:00:04"]
[BlackClock "0:00:15"]

1. d4 Nf6 2. Bg5 e6 3. Nd2 d5 4. e3 Be7 5. Bd3 Nbd7 6. c3 h6 7. Bxf6 Nxf6 8. f4 c6 9. Ngf3 Qb6 10. Rb1 Bd7 11. Ne5 Rf8 12. O-O O-O-O 13. b4 Ne8 14. a4 Nd6 15. Nb3 Be8 16. b5 cxb5 17. Nc5 f6 18. Ng6 Bxg6 19. Bxg6 f5 20. Nxe6 Nc4 21. Nxf8 Rxf8 22. Bh5 Qc7 23. Re1 bxa4 24. Qxa4 a6 25. Bf3 Rd8 26. Qc2 g6 27. Rb3 Rd7 28. Qf2 Qc6 29. Reb1 Bd8 30. g4 Kb8 31. Kh1 Ka7 32. Be2 Nd6 33. Qg2 Ne4 34. Bf3 Re7 35. gxf5 gxf5 36. Bxe4 fxe4 37. R3b2 Ba5 38. Rf2 Qxc3 39. Re2 Qd3 40. Rf1 Bc7 41. f5 Qb5 42. f6 Rf7 43. Ref2 Qd7 44. Qg6 a5 45. Qf5 Qd6 46. Qg6 Qe6 47. Qf5 Qd6 48. Qg6 Qd7 49. Qf5 Qd6 1/2-1/2


[Site "https://www.chess.com"]

[Event "Titled Tuesday Blitz March 15 Late 2022"]
[White "Rustemov, Alexander"]
[Black "Sadilek, Peter"]
[WhiteFideId "4119002"]
[BlackFideId "1616439"]
[WhiteElo "2744"]
[BlackElo "2145"]
[Result "1-0"]
[Round "03"]
[TimeControl "180+1"]
[Date "2022.03.16"]
[WhiteClock "0:00:17"]
[BlackClock "0:00:03"]

1. d4 Nf6 2. c4 e6 3. Nf3 d5 4. Nc3 c6 5. e3 a6 6. c5 Nbd7 7. b4 g6 8. Bb2 Qe7 9. Ne2 Bg7 10. Nf4 Ne4 11. Nd3 O-O 12. Be2 f6 13. O-O e5 14. a4 exd4 15. exd4 Re8 16. Re1 Nf8 17. h3 Qc7 18. Bf1 Bf5 19. Qb3 Be6 20. Re2 Bf7 21. Rae1 g5 22. b5 axb5 23. axb5 h5 24. b6 Qd7 25. Nh2 Ng6 26. g3 h4 27. g4 Re7 28. Bg2 Rae8 29. Qc2 Qd8 30. Nf1 Qb8 31. Ne3 Nf4 32. Nxf4 Qxf4 33. Nf5 Re6 34. Bc1 Qb8 35. Bxe4 dxe4 36. Rxe4 Qd8 37. Nd6 Rxe4 38. Rxe4 Re6 39. Nxf7 Kxf7 40. Rxe6 Kxe6 41. Qe4+ Kf7 42. Be3 Bf8 43. Kg2 Qd7 44. Kf3 Qe6 45. Qxe6+ Kxe6 46. Ke4 Be7 47. f4 Bd8 48. Bf2 Be7 49. Bg1 Bd8 50. Bh2 gxf4 51. Bxf4 Be7 52. Be3 Bd8 53. Bf2 Be7 54. Bxh4 Bd8 55. Bg3 Be7 56. h4 Bd8 57. h5 Be7 58. Bf4 Bf8 59. h6 Kf7 60. Kf5 Be7 61. Be3 Bf8 62. g5 fxg5 63. Bxg5 Kg8 64. Kg6 Kh8 65. Bf6+ Kg8 66. h7# 1-0


[Site "https://www.chess.com"]

[Event "Titled Tuesday Blitz March 15 Late 2022"]
[White "Sanchez Alvares, Kelvin Antonio"]
[Black "Zhou, Qiyu"]
[WhiteFideId "3906680"]
[BlackFideId "505161"]
[WhiteElo "2193"]
[BlackElo "1925"]
[Result "1-0"]
[Round "03"]
[TimeControl "180+1"]
[Date "2022.03.16"]
[WhiteClock "0:02:32"]
[BlackClock "0:02:07"]

1. e4 e5 2. Nf3 Nc6 3. Bb5 a6 4. Ba4 Nf6 5. O-O b5 6. Bb3 Be7 7. a4 b4 8. d4 Nxd4 9. Nxd4 exd4 10. e5 Ng8 11. Qxd4 Bb7 12. Qc4 1-0


[Site "https://www.chess.com"]

[Event "Titled Tuesday Blitz March 15 Late 2022"]
[White "Sanchez, Robert"]
[Black "Vargas Pereda, Jesus Manue"]
[WhiteFideId "2034360"]
[BlackFideId "5115710"]
[WhiteElo "2318"]
[BlackElo "1851"]
[Result "1-0"]
[Round "03"]
[TimeControl "180+1"]
[Date "2022.03.16"]
[WhiteClock "0:01:33"]
[BlackClock "0:00:27"]

1. e4 c5 2. Nf3 a6 3. c3 d5 4. e5 Nc6 5. d4 cxd4 6. cxd4 Bg4 7. Be2 e6 8. O-O Nge7 9. Nc3 Nf5 10. Be3 Be7 11. h3 Bxf3 12. Bxf3 O-O 13. Rb1 f6 14. exf6 Bxf6 15. Bg4 Nfxd4 16. Re1 e5 17. Bxd4 Nxd4 18. Ne2 Nxe2+ 19. Rxe2 Qd6 20. Rd2 d4 21. Qb3+ Kh8 22. Qxb7 Rab8 23. Qe4 a5 24. b3 Rb4 25. Be2 Rfb8 26. Bd3 g6 27. Re2 a4 28. Rc1 axb3 29. axb3 Rxb3 30. Rc6 Qf8 31. Rc7 Rb2 32. Rxh7+ Kg8 33. Qxg6+ Bg7 34. Rh8+ Kxh8 35. Qh7# 1-0


[Site "https://www.chess.com"]

[Event "Titled Tuesday Blitz March 15 Late 2022"]
[White "Schut, Han"]
[Black "Manukyan, Sargis A."]
[WhiteFideId "1005561"]
[BlackFideId "13303970"]
[WhiteElo "2057"]
[BlackElo "2187"]
[Result "0-1"]
[Round "03"]
[TimeControl "180+1"]
[Date "2022.03.16"]
[WhiteClock "0:01:21"]
[BlackClock "0:01:56"]

1. e4 c5 2. Nf3 d6 3. d4 cxd4 4. Nxd4 Nf6 5. f3 g6 6. c4 Bg7 7. Be3 O-O 8. Qd2 Nc6 9. Nc3 Nxd4 10. Bxd4 Be6 11. Rc1 Qa5 12. b3 Rfc8 13. Be3 a6 14. Nd5 Qxd2+ 15. Kxd2 Nxd5 16. cxd5 Rxc1 17. Kxc1 Rc8+ 18. Kb1 Bd7 19. Bd3 Rc3 20. Bc2 f5 21. Bd2 Rc7 22. Rc1 fxe4 23. fxe4 Be5 24. g3 Kg7 25. Bd3 Rc8 26. Rxc8 Bxc8 27. Kc2 h5 28. Bc3 Kf6 29. Bxe5+ Kxe5 30. Kc3 Bh3 31. Kb4 Bg2 32. Ka5 Bxe4 33. Bxe4 Kxe4 34. Kb6 Kxd5 35. Kxb7 e5 36. Kxa6 e4 37. b4 e3 38. b5 e2 39. b6 e1=Q 40. b7 Qb4 41. Ka7 Qa3+ 42. Kb8 Qxa2 43. Kc8 Qc4+ 44. Kd8 Qb5 45. Kc8 Qc6+ 0-1


[Site "https://www.chess.com"]

[Event "Titled Tuesday Blitz March 15 Late 2022"]
[White "Senft, Sean"]
[Black "Estrada Nieto, Julian"]
[WhiteFideId "2044960"]
[BlackFideId "5101018"]
[WhiteElo "1881"]
[BlackElo "2246"]
[Result "1-0"]
[Round "03"]
[TimeControl "180+1"]
[Date "2022.03.16"]
[WhiteClock "0:00:19"]
[BlackClock "0:00:03"]

1. d4 d5 2. c4 dxc4 3. e3 Nf6 4. Bxc4 e6 5. Nf3 c5 6. O-O a6 7. Nbd2 Nc6 8. a4 cxd4 9. exd4 Nxd4 10. b3 Bb4 11. Bb2 Nxf3+ 12. Nxf3 O-O 13. Qc2 Qe7 14. Rfd1 b6 15. Bd4 Bc5 16. Bxf6 Qxf6 17. a5 Bb7 18. Be2 Rac8 19. Qa2 b5 20. Rd7 Bd5 21. Rb1 Qc3 22. Qb2 Qxb2 23. Rxb2 Bb4 24. h3 Rc1+ 25. Kh2 Bxa5 26. Ra2 Bc6 27. Ra7 Bb6 28. R7xa6 Bxf2 29. Ne5 Be4 30. Bxb5 h5 31. Rxf2 Rc5 32. Nd7 Rxb5 33. Nxf8 Kxf8 34. Ra7 f6 35. Rd2 Kg8 36. Rdd7 Rg5 37. g3 h4 38. g4 f5 39. Rd4 Bd5 40. b4 Bf3 41. b5 fxg4 42. hxg4 Bxg4 43. b6 e5 44. b7 exd4 45. b8=Q+ Kh7 46. Qf4 Rg6 47. Ra4 d3 48. Rd4 Be2 49. Rd6 Rxd6 50. Qxd6 g6 51. Kh3 Kh6 52. Kxh4 Kg7 53. Kg5 Kf7 54. Qxg6+ Ke7 55. Qg7+ Kd6 56. Qc3 Kd5 57. Qd2 Ke4 58. Kh4 Kf3 59. Kg5 Ke4 60. Qf4+ Kd5 61. Kh4 Kc5 62. Kg3 Kd5 63. Kf2 Kc5 64. Ke3 Kd5 65. Qd4+ Ke6 66. Kf4 Ke7 67. Ke5 Kf7 68. Qf4+ Ke7 69. Qf6+ Kd7 70. Qd6+ Ke8 71. Kf6 1-0


[Site "https://www.chess.com"]

[Event "Titled Tuesday Blitz March 15 Late 2022"]
[White "Sharafiev, Azat"]
[Black "Batsiashvili, Nino"]
[WhiteFideId "4186214"]
[BlackFideId "13602993"]
[WhiteElo "2299"]
[BlackElo "2192"]
[Result "1/2-1/2"]
[Round "03"]
[TimeControl "180+1"]
[Date "2022.03.16"]
[WhiteClock "0:00:04"]
[BlackClock "0:00:09"]

1. d4 Nf6 2. Nf3 e6 3. Bg5 d5 4. Nbd2 c5 5. e3 Nc6 6. c3 Bd6 7. Bd3 h6 8. Bh4 b6 9. e4 cxd4 10. Bb5 Bd7 11. Bxc6 Bxc6 12. e5 dxc3 13. bxc3 Be7 14. exf6 Bxf6 15. Bxf6 Qxf6 16. Nd4 Bd7 17. O-O O-O 18. f4 Rfc8 19. Rc1 Rxc3 20. N2f3 Rac8 21. Qd2 Rxc1 22. Rxc1 Rxc1+ 23. Qxc1 Ba4 24. Qc7 Qg6 25. h4 Qb1+ 26. Kh2 Bd1 27. Ne5 Bh5 28. Qd8+ Kh7 29. Nd7 Qe4 30. Nf8+ Kg8 31. Nfxe6+ Kh7 32. Nf8+ Kg8 33. g3 Qe3 34. Nfe6+ Kh7 35. Nf8+ Kg8 36. Ng6+ Kh7 37. Nf8+ Kg8 1/2-1/2


[Site "https://www.chess.com"]

[Event "Titled Tuesday Blitz March 15 Late 2022"]
[White "Shimanov, Aleksandr"]
[Black "Deac, Bogdan-Daniel"]
[WhiteFideId "4198603"]
[BlackFideId "1226380"]
[WhiteElo "2636"]
[BlackElo "2646"]
[Result "1/2-1/2"]
[Round "03"]
[TimeControl "180+1"]
[Date "2022.03.15"]
[WhiteClock "0:00:08"]
[BlackClock "0:00:02"]

1. d4 Nf6 2. Nf3 d5 3. c3 Bf5 4. Qb3 Qc8 5. c4 e6 6. Nc3 c6 7. Bf4 Be7 8. e3 O-O 9. Rc1 Nbd7 10. h3 Ne4 11. Be2 Ndf6 12. O-O Bd6 13. Bxd6 Nxd6 14. cxd5 exd5 15. Qa3 Rd8 16. b4 a6 17. Qb2 Bxh3 18. gxh3 Qxh3 19. Nh2 Nde4 20. Nxe4 Nxe4 21. Bf3 Rd6 22. Bxe4 dxe4 23. Kh1 Rh6 24. f3 exf3 25. Qf2 Re8 26. Rg1 Rxe3 27. Rce1 Ree6 28. Rxe6 Qxe6 29. Re1 Qd7 30. Qxf3 Re6 31. Rxe6 Qxe6 32. a3 h6 33. Kg2 f5 34. Nf1 g5 35. Ne3 f4 36. Ng4 Kg7 37. Ne5 Qd6 38. Qh5 Qd5+ 39. Kh2 Qe6 40. a4 Qa2+ 41. Kh3 Qb3+ 42. Kh2 Qa2+ 43. Kh3 Qe6+ 44. Kh2 Qa2+ 1/2-1/2


[Site "https://www.chess.com"]

[Event "Titled Tuesday Blitz March 15 Late 2022"]
[White "Shuvalova, Polina"]
[Black "Weber, Samuel"]
[WhiteFideId "24171760"]
[BlackFideId "12924008"]
[WhiteElo "2355"]
[BlackElo "2215"]
[Result "0-1"]
[Round "03"]
[TimeControl "180+1"]
[Date "2022.03.16"]
[WhiteClock "0:00:01"]
[BlackClock "0:00:04"]

1. d4 Nf6 2. Nf3 e6 3. Bf4 d5 4. e3 Bd6 5. Bxd6 Qxd6 6. c4 O-O 7. Nc3 c5 8. dxc5 Qxc5 9. cxd5 exd5 10. Qd4 Qa5 11. Be2 Nc6 12. Qd2 Bg4 13. O-O Rad8 14. Nd4 Bxe2 15. Ndxe2 Ne4 16. Nxe4 dxe4 17. Qxa5 Nxa5 18. Rfd1 Nc6 19. Ng3 f5 20. Rxd8 Nxd8 21. Rd1 g6 22. Rd7 Ne6 23. Rxb7 a5 24. h4 Rc8 25. h5 Rc1+ 26. Kh2 Nc5 27. Rc7 Nd3 28. Rxc1 Nxc1 29. a3 Nd3 30. b3 Nxf2 31. hxg6 hxg6 32. Nf1 Nd1 33. Kg3 g5 34. b4 axb4 35. axb4 Kf7 36. Kh3 Ke6 37. g3 Kd5 38. Kg2 Kc4 39. g4 f4 40. exf4 gxf4 41. g5 e3 42. g6 e2 43. Nd2+ Kd3 44. Nf3 Ne3+ 45. Kh3 Ke4 46. Ne1 f3 47. Kg3 Nf5+ 48. Kf2 Nh4 49. b5 Nxg6 50. b6 Ne5 51. b7 Ng4+ 52. Kg3 f2 53. b8=Q fxe1=Q+ 0-1


[Site "https://www.chess.com"]

[Event "Titled Tuesday Blitz March 15 Late 2022"]
[White "Sinitsina, Anastassia"]
[Black "Sailer, Mike"]
[WhiteFideId "4504640"]
[BlackFideId "2012901"]
[WhiteElo "2144"]
[BlackElo "2109"]
[Result "1-0"]
[Round "03"]
[TimeControl "180+1"]
[Date "2022.03.16"]
[WhiteClock "0:00:52"]
[BlackClock "0:00:11"]

1. Nf3 d5 2. g3 Nf6 3. Bg2 Bf5 4. O-O e6 5. d3 Be7 6. Nfd2 O-O 7. e4 Bg6 8. Qe2 c5 9. f4 h6 10. g4 Nc6 11. c3 b5 12. h4 b4 13. g5 Bh5 14. Qf2 Ng4 15. Qg3 d4 16. e5 Rc8 17. c4 Ne3 18. Ne4 Nxf1 19. Bxf1 hxg5 20. hxg5 Bg6 21. Nbd2 Bf5 22. Nf6+ Bxf6 23. gxf6 Bg6 24. Qg5 gxf6 25. exf6 1-0


[Site "https://www.chess.com"]

[Event "Titled Tuesday Blitz March 15 Late 2022"]
[White "Sokolovsky, Yahli"]
[Black "Albuquerque Junior,Wellington S."]
[WhiteFideId "2820242"]
[BlackFideId "2151480"]
[WhiteElo "1770"]
[BlackElo "2042"]
[Result "1-0"]
[Round "03"]
[TimeControl "180+1"]
[Date "2022.03.16"]
[WhiteClock "0:00:23"]
[BlackClock "0:00:17"]

1. b3 e5 2. Bb2 d6 3. e3 Nf6 4. d4 exd4 5. exd4 g6 6. Nf3 Bg7 7. Bd3 O-O 8. O-O Re8 9. c4 Nbd7 10. d5 Nc5 11. Bc2 Bg4 12. h3 Bd7 13. Nbd2 Nfe4 14. Bxg7 Kxg7 15. Nxe4 Nxe4 16. Re1 Nc5 17. b4 Na6 18. Qd4+ Qf6 19. a3 Qxd4 20. Nxd4 Rxe1+ 21. Rxe1 Re8 22. Rxe8 Bxe8 23. g4 Nb8 24. f4 a6 25. Kf2 Nd7 26. Ba4 Nf6 27. Bxe8 Nxe8 28. g5 h5 29. Kf3 Kf8 30. f5 Ng7 31. f6 Ne8 32. h4 Kg8 33. Ke4 Kf8 34. Kd3 Kg8 35. Kc3 Kf8 36. Kb3 Kg8 37. Ka4 Kf8 38. b5 axb5+ 39. cxb5 b6 40. Nc6 Kg8 41. Kb4 Kf8 42. Kc4 Kg8 43. Kd4 Kh8 44. a4 Kg8 45. Kc4 Kh8 46. Kb4 Kh7 47. a5 bxa5+ 48. Kxa5 Nxf6 49. gxf6 g5 50. hxg5 h4 51. Nd4 h3 52. Nf3 Kg6 53. Ka6 h2 54. Nxh2 Kxg5 55. Kb7 Kxf6 56. Kxc7 Ke5 57. Kc6 1-0


[Site "https://www.chess.com"]

[Event "Titled Tuesday Blitz March 15 Late 2022"]
[White "Spitzl, Vinzent"]
[Black "Zhurbinsky, David"]
[WhiteFideId "12901253"]
[BlackFideId "2072904"]
[WhiteElo "2160"]
[BlackElo "2600"]
[Result "0-1"]
[Round "03"]
[TimeControl "180+1"]
[Date "2022.03.16"]
[WhiteClock "0:00:11"]
[BlackClock "0:01:27"]

1. e4 e5 2. Nf3 Nc6 3. Bc4 Bc5 4. c3 Nf6 5. d4 exd4 6. cxd4 Bb4+ 7. Nc3 Nxe4 8. O-O Bxc3 9. d5 Bf6 10. Re1 O-O 11. Rxe4 Nb8 12. d6 a6 13. a4 Nc6 14. Bf4 cxd6 15. Bxd6 Re8 16. Qd5 Re6 17. Rae1 b5 18. axb5 axb5 19. Qxb5 Ba6 20. Qc5 Bxc4 21. Rxc4 Ra5 0-1


[Site "https://www.chess.com"]

[Event "Titled Tuesday Blitz March 15 Late 2022"]
[White "Srihari L R"]
[Black "Hess, Robert"]
[WhiteFideId "46617116"]
[BlackFideId "2022036"]
[WhiteElo "2121"]
[BlackElo "2557"]
[Result "1/2-1/2"]
[Round "03"]
[TimeControl "180+1"]
[Date "2022.03.15"]
[WhiteClock "0:00:04"]
[BlackClock "0:00:08"]

1. d4 g6 2. Nf3 Bg7 3. g3 e6 4. Bg2 Ne7 5. O-O d6 6. Nc3 Nd7 7. e4 a6 8. Re1 h6 9. e5 dxe5 10. dxe5 Nc6 11. Qe2 O-O 12. Be3 Ndxe5 13. Nxe5 Nxe5 14. Rad1 Qe7 15. Bf4 Nc6 16. Qc4 Qb4 17. Qxb4 Nxb4 18. Re4 Nd5 19. Nxd5 exd5 20. Rxd5 c6 21. Rd1 Bf5 22. Re7 Rad8 23. Rde1 Bc8 24. c3 g5 25. Bc1 Bf6 26. R7e2 Be6 27. f4 Bxa2 28. fxg5 Bxg5 29. Bxg5 hxg5 30. Re7 Rb8 31. R1e5 f6 32. Re3 Rf7 33. Bh3 Kf8 34. R7e4 Bd5 35. Rd4 Re7 36. Rxe7 Kxe7 37. c4 Bf7 38. Rd7+ Kf8 39. c5 b6 40. b4 bxc5 41. bxc5 Rb1+ 42. Kf2 Rb2+ 43. Kg1 Rc2 44. Bf1 a5 45. Rd6 Rxc5 46. Rxf6 Kg7 47. Rf2 a4 48. Rf3 Ra5 49. Ra3 Bd5 50. Bd3 Kf6 51. Kf2 c5 52. Ke3 c4 53. Bc2 Bc6 54. Kd4 g4 55. Kxc4 Rh5 56. Bxa4 Bf3 57. h4 gxh3 58. Rxf3+ Kg5 59. Rf1 h2 60. Bc6 Rh3 61. g4 Kxg4 62. Bd7+ Kg3 63. Bxh3 Kxh3 64. Kd3 Kg2 65. Ra1 h1=Q 66. Rxh1 Kxh1 1/2-1/2


[Site "https://www.chess.com"]

[Event "Titled Tuesday Blitz March 15 Late 2022"]
[White "Suder, Jakub"]
[Black "Ansh M Shah"]
[WhiteFideId "1195310"]
[BlackFideId "25033379"]
[WhiteElo "2058"]
[BlackElo "1819"]
[Result "1-0"]
[Round "03"]
[TimeControl "180+1"]
[Date "2022.03.16"]
[WhiteClock "0:00:55"]
[BlackClock "0:00:01"]

1. d4 Nf6 2. c4 e6 3. Nc3 c5 4. d5 exd5 5. cxd5 d6 6. e4 g6 7. f4 Bg7 8. Bb5+ Bd7 9. e5 dxe5 10. fxe5 Nh5 11. Nf3 O-O 12. O-O Bg4 13. Re1 a6 14. Be2 Nd7 15. Bg5 Qb6 16. e6 fxe6 17. dxe6 Bxe6 18. Nd5 Bd4+ 19. Nxd4 Bxd5 20. Nf3 c4+ 21. Kh1 Be6 22. Nd4 Nc5 23. Bxh5 gxh5 24. Qxh5 Bf5 25. Nxf5 Rxf5 26. Rf1 Qg6 27. Qe2 Rxg5 28. Qxc4+ Qe6 29. Qh4 Qg6 30. Rae1 Rf8 31. Qc4+ Kg7 32. Qd4+ Rf6 33. Re7+ 1-0


[Site "https://www.chess.com"]

[Event "Titled Tuesday Blitz March 15 Late 2022"]
[White "Svane, Rasmus"]
[Black "Khanin, Semen"]
[WhiteFideId "4657101"]
[BlackFideId "4111990"]
[WhiteElo "2645"]
[BlackElo "2442"]
[Result "1-0"]
[Round "03"]
[TimeControl "180+1"]
[Date "2022.03.15"]
[WhiteClock "0:00:09"]
[BlackClock "0:00:01"]

1. Nf3 Nf6 2. g3 g6 3. Bg2 Bg7 4. O-O O-O 5. d4 d5 6. c4 c6 7. Qb3 a5 8. Rd1 a4 9. Qb4 dxc4 10. Qxc4 Bf5 11. e3 Nbd7 12. Nc3 Ne4 13. Nh4 Be6 14. Qe2 Nxc3 15. bxc3 Nb6 16. Nf3 Bc4 17. Qc2 f5 18. Rb1 Bd5 19. Nd2 Bxg2 20. Kxg2 c5 21. Ba3 cxd4 22. cxd4 Rc8 23. Qd3 Rc6 24. Rb5 Nd5 25. Rc1 Rxc1 26. Bxc1 Qd7 27. Qc4 e6 28. Rc5 Ra8 29. Nf3 Bf8 30. Ne5 Qd8 31. Rb5 Rc8 32. Qf1 Nc3 33. Rb2 a3 34. Rc2 Nxa2 35. Rxc8 Qxc8 36. Bd2 Nb4 37. Qb5 Nd5 38. Qa4 b5 39. Qxb5 Qa8 40. Kh3 a2 41. Qd7 a1=Q 42. Qxe6+ Kg7 43. e4 Nf4+ 44. Bxf4 Qf1+ 45. Kh4 Qd8+ 46. Bg5 Qc7 47. Bf6+ Kh6 48. Nf7+ 1-0


[Site "https://www.chess.com"]

[Event "Titled Tuesday Blitz March 15 Late 2022"]
[White "Swicarz, Maciej"]
[Black "Van Foreest, Jorden"]
[WhiteFideId "1113585"]
[BlackFideId "1039784"]
[WhiteElo "2057"]
[BlackElo "2609"]
[Result "0-1"]
[Round "03"]
[TimeControl "180+1"]
[Date "2022.03.16"]
[WhiteClock "0:00:11"]
[BlackClock "0:01:13"]

1. c4 c6 2. Nc3 d5 3. e3 Nf6 4. Nf3 g6 5. cxd5 cxd5 6. d4 Bg7 7. Bd3 O-O 8. O-O Nc6 9. a3 Bf5 10. b4 Bxd3 11. Qxd3 Rc8 12. Bd2 e6 13. Rfc1 Ne8 14. Na4 Nd6 15. Nb2 b5 16. a4 a6 17. axb5 axb5 18. Nd1 Nc4 19. Qb3 g5 20. Bc3 g4 21. Ne1 h5 22. Nd3 h4 23. Be1 h3 24. g3 Qf6 25. Bc3 Qf3 26. Ne1 Qe4 27. Qc2 Ra8 28. Qxe4 dxe4 29. Nc2 Ne7 30. Rxa8 Rxa8 31. Ra1 Rc8 32. Na3 Nd6 33. Bd2 Nd5 34. Kf1 e5 35. dxe5 Bxe5 36. Rc1 Ra8 37. Nc2 Nc4 38. Ke2 Ra2 39. Be1 Na3 40. Kd2 Nxb4 0-1


[Site "https://www.chess.com"]

[Event "Titled Tuesday Blitz March 15 Late 2022"]
[White "Sztokbant, Bernardo Vainzoff"]
[Black "Paravyan, David"]
[WhiteFideId "2115956"]
[BlackFideId "4194985"]
[WhiteElo "2237"]
[BlackElo "2569"]
[Result "0-1"]
[Round "03"]
[TimeControl "180+1"]
[Date "2022.03.15"]
[WhiteClock "0:00:09"]
[BlackClock "0:01:57"]

1. e4 e5 2. Nf3 Nf6 3. Nxe5 d6 4. Nf3 Nxe4 5. d4 d5 6. Bd3 Bd6 7. O-O O-O 8. c4 c6 9. Nc3 Nxc3 10. bxc3 dxc4 11. Bxc4 Bg4 12. h3 Bh5 13. Re1 Nd7 14. Rb1 b5 15. Be2 Bg6 16. Bd3 Nb6 17. Bg5 Qd7 18. Ne5 Bxe5 19. Bxg6 Bh2+ 20. Kxh2 hxg6 21. Qf3 Rfe8 22. Bf4 Nd5 23. Bg3 a5 24. a4 bxa4 25. c4 Nb4 26. Qc3 Rxe1 27. Rxe1 a3 28. Qxa3 Qxd4 29. Re7 Qxc4 30. Bd6 Qd4 31. Bxb4 Qxb4 32. Qe3 Qd6+ 33. g3 a4 34. Re8+ Rxe8 35. Qxe8+ Kh7 36. Qxf7 Qf6 37. Qa2 Qd4 38. Kg1 c5 39. h4 Qd1+ 40. Kh2 Qb3 41. Qe2 Qd5 42. Qe3 c4 43. g4 Qd6+ 44. Kh3 Qd3 0-1


[Site "https://www.chess.com"]

[Event "Titled Tuesday Blitz March 15 Late 2022"]
[White "Tabatabaei, M. Amin"]
[Black "Beerdsen, Thomas"]
[WhiteFideId "12521213"]
[BlackFideId "1030108"]
[WhiteElo "2544"]
[BlackElo "2585"]
[Result "1-0"]
[Round "03"]
[TimeControl "180+1"]
[Date "2022.03.15"]
[WhiteClock "0:01:31"]
[BlackClock "0:00:24"]

1. d4 d5 2. Nf3 Nc6 3. e3 Bg4 4. Bb5 e6 5. h3 Bxf3 6. Qxf3 Bd6 7. c4 a6 8. Bxc6+ bxc6 9. c5 Be7 10. O-O f5 11. Bd2 Nf6 12. Ba5 Ra7 13. Nc3 O-O 14. Qd1 Qe8 15. Ne2 g5 16. Nc1 h5 17. Nd3 g4 18. h4 Nd7 19. g3 Rf6 20. Qa4 e5 21. dxe5 Re6 22. Nf4 Rxe5 23. Qxc6 Bxc5 24. Bc3 Re7 25. Qxd5+ Qf7 26. Rfd1 Bd6 27. Nxh5 Be5 28. Qxf7+ Kxf7 29. Rxd7 Rxd7 30. Bxe5 c5 31. Bc3 Rd8 32. Kf1 a5 33. Ke2 a4 34. a3 Rad7 35. Nf4 Rd6 36. Rh1 Kg8 37. h5 Kh7 38. Rc1 Rb6 39. Rd1 Rxd1 40. Kxd1 Kh6 41. Kc2 Rd6 42. Nd3 Rd5 43. Bd2 Rd8 44. e4+ Kxh5 45. Nf4+ 1-0


[Site "https://www.chess.com"]

[Event "Titled Tuesday Blitz March 15 Late 2022"]
[White "Taboas Rodriguez, Daniel"]
[Black "Dubov, Daniil"]
[WhiteFideId "2208466"]
[BlackFideId "24126055"]
[WhiteElo "2429"]
[BlackElo "2791"]
[Result "0-1"]
[Round "03"]
[TimeControl "180+1"]
[Date "2022.03.15"]
[WhiteClock "0:00:21"]
[BlackClock "0:00:54"]

1. d4 Nf6 2. Nf3 d5 3. c4 c6 4. cxd5 cxd5 5. Nc3 Nc6 6. Bf4 Nh5 7. Bd2 e6 8. e3 Bd6 9. Bd3 O-O 10. O-O f5 11. Ne5 Nf6 12. f4 Bd7 13. Rc1 Be8 14. Be1 Bh5 15. Qb3 Na5 16. Qc2 Rc8 17. Bh4 Be7 18. Qa4 Be8 19. Qd1 a6 20. a3 Bh5 21. Qe1 b5 22. b4 Nc4 23. Bxc4 dxc4 24. h3 Be8 25. Rd1 Bc6 26. Bxf6 Bxf6 27. Kh2 Bb7 28. Rg1 Kh8 29. g4 fxg4 30. hxg4 g5 31. Qg3 Qe7 32. Qh3 Bxe5 33. dxe5 gxf4 34. exf4 Rxf4 35. Rgf1 Rcf8 36. Rxf4 Rxf4 37. Rf1 Rxf1 38. Qxf1 Qh4+ 0-1


[Site "https://www.chess.com"]

[Event "Titled Tuesday Blitz March 15 Late 2022"]
[White "Tang, Andrew"]
[Black "Garriga Cazorla, Pere"]
[WhiteFideId "2059630"]
[BlackFideId "32011601"]
[WhiteElo "2584"]
[BlackElo "2458"]
[Result "1-0"]
[Round "03"]
[TimeControl "180+1"]
[Date "2022.03.15"]
[WhiteClock "0:00:25"]
[BlackClock "0:00:36"]

1. d4 Nf6 2. c4 e6 3. Nc3 Bb4 4. Qc2 d5 5. cxd5 exd5 6. Bg5 h6 7. Bh4 Nc6 8. e3 g5 9. Bg3 h5 10. h3 Ne4 11. Bh2 Qe7 12. Bb5 Bd7 13. Ne2 a6 14. Bd3 Nxc3 15. bxc3 Bd6 16. Bxd6 Qxd6 17. Rb1 b5 18. O-O Ne7 19. e4 dxe4 20. Bxe4 Rc8 21. Rfe1 h4 22. Qd2 f6 23. Nc1 c5 24. Qe2 cxd4 25. Nb3 Kf7 26. Rbd1 Rc4 27. Nxd4 Qe5 28. Nf3 Rxe4 29. Nxe5+ Rxe5 30. Qd3 Bf5 31. Qd6 Rxe1+ 32. Rxe1 Ng6 33. Qc7+ Kf8 34. Rd1 Kg8 35. Rd8+ Nf8 36. Qe7 1-0


[Site "https://www.chess.com"]

[Event "Titled Tuesday Blitz March 15 Late 2022"]
[White "Tari, Aryan"]
[Black "Rastbod, Ali"]
[WhiteFideId "1510045"]
[BlackFideId "12567477"]
[WhiteElo "2567"]
[BlackElo "2200"]
[Result "1-0"]
[Round "03"]
[TimeControl "180+1"]
[Date "2022.03.15"]
[WhiteClock "0:00:53"]
[BlackClock "0:00:03"]

1. e4 e6 2. Qe2 c5 3. Nf3 Nc6 4. g3 g6 5. Bg2 Bg7 6. O-O Nge7 7. c3 O-O 8. d3 d6 9. h4 h6 10. Rd1 e5 11. Na3 Bg4 12. Nc4 f5 13. Ne3 Bh5 14. Re1 f4 15. g4 fxe3 16. gxh5 exf2+ 17. Qxf2 gxh5 18. Bh3 Qe8 19. Kh2 Qf7 20. Rf1 Ng6 21. Bf5 Nce7 22. Bh3 Nf4 23. Qg3 Nxh3 24. Qxh3 Ng6 25. Be3 Nf4 26. Qg3 Kh7 27. Bxf4 Qxf4 28. Ng5+ hxg5 29. Rxf4 gxf4 30. Qg5 Rf6 31. Rg1 Rg8 32. Qxh5+ Bh6 33. Rxg8 Kxg8 34. Qe8+ Bf8 35. Kg2 f3+ 36. Kf2 Kg7 37. a4 b6 38. b4 cxb4 39. cxb4 Kh7 40. Qd7+ Kg8 41. Qd8 Rf7 42. Qg5+ Kh7 43. h5 Kh8 44. Qg6 Rg7 45. Qh6+ Kg8 46. Qe6+ Kh8 47. Kxf3 Be7 48. h6 Rh7 49. Qc8+ 1-0


[Site "https://www.chess.com"]

[Event "Titled Tuesday Blitz March 15 Late 2022"]
[White "Thavandiran, Shiyam"]
[Black "Vifleemskaia, Svetlana"]
[WhiteFideId "2605058"]
[BlackFideId "4129490"]
[WhiteElo "2357"]
[BlackElo "1901"]
[Result "1-0"]
[Round "03"]
[TimeControl "180+1"]
[Date "2022.03.16"]
[WhiteClock "0:01:49"]
[BlackClock "0:00:04"]

1. e4 e5 2. Bc4 Nf6 3. d3 c6 4. Nf3 d5 5. Bb3 Bd6 6. Nc3 dxe4 7. Ng5 O-O 8. Ncxe4 Nxe4 9. Nxe4 Bb4+ 10. c3 Be7 11. Qh5 h6 12. Bxh6 gxh6 13. Qg6+ Kh8 14. Qxh6+ Kg8 15. O-O Bf5 16. Rfe1 Nd7 17. Re3 Bh7 18. Rg3+ Kh8 19. Qg7# 1-0


[Site "https://www.chess.com"]

[Event "Titled Tuesday Blitz March 15 Late 2022"]
[White "Urazayev, Arystanbek"]
[Black "P., Komal Kishore"]
[WhiteFideId "13709810"]
[BlackFideId "5016703"]
[WhiteElo "2393"]
[BlackElo "2128"]
[Result "1-0"]
[Round "03"]
[TimeControl "180+1"]
[Date "2022.03.16"]
[WhiteClock "0:02:27"]
[BlackClock "0:01:54"]

1. d4 c6 2. c4 d5 3. Nf3 Nf6 4. Nc3 dxc4 5. e4 b5 6. Be2 b4 7. Na4 Nxe4 8. Bxc4 e6 9. O-O Be7 10. Bf4 O-O 11. Rc1 Nd7 12. Bd3 Ndf6 13. Ne5 c5 14. dxc5 Qa5 15. Nc6 1-0


[Site "https://www.chess.com"]